 Dungeon Crawl Stone Soup version 0.21.1-1-g345015f (webtiles) character file.

398 sanboga the Magician (level 6, 0/53 HPs)
             Began as a Troll Venom Mage on May 31, 2018.
             Slain by a frilled lizard (1 damage)
             ... on level 4 of the Dungeon.
             The game lasted 00:11:48 (2643 turns).

sanboga the Magician (Troll Venom Mage)             Turns: 2643, Time: 00:11:49

Health: 0/53       AC:  5    Str: 18    XL:     6   Next: 53%
Magic:  3/9        EV: 10    Int: 12    God:
Gold:   146        SH:  0    Dex: 10    Spells: 7/10 levels left

rFire    . . .     SeeInvis +   h - +3 short sword (drain)
rCold    . . .     Gourm    +   (no shield)
rNeg     . . .     Faith    .   a - +0 robe
rPois    .         Spirit   .   (helmet restricted)
rElec    .         Reflect  .   (no cloak)
rCorr    .         Harm     .   (gloves unavailable)
MR       .....                  (boots unavailable)
Stlth    ++........             u - amulet of magic regeneration
HPRegen  0.57/turn              t - ring of wizardry
MPRegen  0.36/turn              g - ring of see invisible

@: very slightly contaminated
A: large, unfitting armour, claws 3, fast metabolism 3, gourmand, regeneration
1, shaggy fur 1, tough skin 2
a: no special abilities


You were on level 4 of the Dungeon.
You were full.

You visited 1 branch of the dungeon, and saw 4 of its levels.

You collected 146 gold pieces.

Inventory:

Hand Weapons
 h - a +3 short sword of draining (weapon)
Armour
 a - a +0 robe (worn)
Jewellery
 g - a ring of see invisible (right claw)
 t - a ring of wizardry (left claw)
 u - an amulet of magic regeneration (around neck)
Wands
 o - a wand of acid (4)
 s - a wand of digging (11)
Scrolls
 e - 3 scrolls of remove curse
 r - a scroll of teleportation
Potions
 d - a potion of cancellation
 f - a potion of heal wounds
 i - 2 potions of brilliance
 p - a potion of agility
Books
 b - a Young Poisoner's Handbook

   Spells                             Type                      Level
   a - Sting                          Conjuration/Poison           1
   b - Poisonous Vapours              Poison/Air                   2
   c - Mephitic Cloud                 Conjuration/Poison/Air       3
   d - Olgreb's Toxic Radiance        Poison                       4
   e - Venom Bolt                     Conjuration/Poison           5
Comestibles
 c - 6 rations


   Skills:
 + Level 2.0 Short Blades
 - Level 1.5 Dodging
 + Level 2.8 Stealth
 + Level 2.9 Spellcasting
 - Level 0.6 Conjurations
 - Level 2.1 Poison Magic


You had 7 spell levels left.
You knew the following spells:

 Your Spells              Type           Power        Failure   Level  Hunger
a - Sting                 Conj/Pois      #...         6%          1    #......
b - Poisonous Vapours     Pois/Air       #.....       10%         2    ###....


Dungeon Overview and Level Annotations

Branches:
Dungeon (4/15)
 Temple: D:4-7

Altars:

Annotations:
D:4 Dowan


Innate Abilities, Weirdness & Mutations

You are too large for most types of armour.
You have claws for hands.
Your metabolism is lightning-fast.
You like to eat raw meat.
Your natural rate of healing is unusually fast.
You are covered in fur. (AC +1)
You have very tough skin. (AC +2)


Message History

Dowan is almost dead.
Dowan points at you and mumbles some strange words.
The stone arrow hits you!
* * * LOW HITPOINT WARNING * * *
The frilled lizard barely misses you.
Dowan casts a spell.
Dowan blinks!
Casting: Sting
Confirm with . or Enter, or press ? or * to list all spells.
Okay, then.
Unknown command.
Casting: Sting
Confirm with . or Enter, or press ? or * to list all spells.
Aiming: Sting
Press: ? - help, Shift-Dir - straight line, f/p - Dowan
Aim: Dowan, wielding a dagger and wearing a robe (almost dead, fast, poisoned)
The sting hits Dowan.
Dowan appears unharmed.
Dowan is almost dead.
The frilled lizard bites you.
You die...

#.. #...##........#
#...##.<.##........#
...................#
...................#
................(..#
...................#
#..#####+##........#
#..###...##....l)..#
.. #........e.%.@..#
. +(..............#
#...............#
#..#....##........#
## #######........#
#.........#
#.........#
#.........#
#.........#


You could see Dowan and a frilled lizard.

Vanquished Creatures
  Duvessa (D:4)
  A hound (D:4)
  Jessica (D:3)
  Terence (D:2)
  Ijyb (D:3)
  A worker ant (D:4)
  Robin (D:4)
  3 gnolls
  An adder (D:2)
  An ooze (D:3)
  5 worms
  3 dart slugs
  3 leopard geckos
  4 ball pythons
  8 bats
  4 giant cockroaches (D:2)
  19 goblins
  7 hobgoblins
  6 jackals
  4 frilled lizards
  6 kobolds
  14 rats
95 creatures vanquished.

Vanquished Creatures (others)
  A leopard gecko (D:3)
1 creature vanquished.

Grand Total: 96 creatures vanquished

Notes
Turn   | Place    | Note
-------+----------+-------------------------------------------
     0 | D:1      | sanboga the Troll Venom Mage began the quest for the Orb.
     0 | D:1      | Reached XP level 1. HP: 16/16 MP: 1/1
   367 | D:1      | Reached XP level 2. HP: 22/24 MP: 0/3
   958 | D:2      | Reached XP level 3. HP: 31/31 MP: 0/4
  1366 | D:1      | Reached XP level 4. HP: 39/39 MP: 6/6
  1522 | D:2      | Noticed Terence
  1534 | D:2      | Killed Terence
  1831 | D:3      | Learned a level 2 spell: Poisonous Vapours
  1835 | D:3      | Reached XP level 5. HP: 45/45 MP: 0/7
  1875 | D:3      | Noticed Ijyb
  1889 | D:3      | Killed Ijyb
  2011 | D:3      | Noticed Jessica
  2017 | D:3      | Killed Jessica
  2017 | D:3      | Reached skill level 1 in Short Blades
  2431 | D:4      | Noticed Robin
  2496 | D:4      | Killed Robin
  2578 | D:4      | Reached XP level 6. HP: 53/53 MP: 6/9
  2613 | D:4      | Noticed Duvessa
  2614 | D:4      | Noticed Dowan
  2635 | D:4      | Killed Duvessa
  2642 | D:4      | HP: 1/53 [Dowan/stone arrow (14)]
  2643 | D:4      | Slain by a frilled lizard

Skill      XL: |  1  2  3  4  5  6 |
---------------+-------------------+-----
Spellcasting   | 2 |  2.9
Stealth        | 2 |  2.8
Short Blades   | 1 2 |  2.0
Dodging        | |  1.5
Conjurations   | |  0.6
Poison Magic   | |  2.1

Action                   |  1- 3 |  4- 6 || total
-------------------------+-------+-------++-------
Melee: Unarmed           |    24 |       ||    24
       Dagger            |    82 |    29 ||   111
       Short sword       |       |   122 ||   122
 Cast: Sting             |    31 |     9 ||    40
       Poisonous Vapours |       |    15 ||    15
  Use: Potion            |     4 |     4 ||     8
       Scroll            |     2 |     4 ||     6
 Stab: Sleeping          |       |     3 ||     3
  Eat: Chunk             |    19 |    11 ||    30
Armor: Robe              |    51 |    86 ||   137
Dodge: Dodged            |    75 |    94 ||   169
